 Dungeon Crawl Stone Soup version 0.14-a0-30-gf0b6e91 (webtiles) character file.

364 PolkaDot the Stinger (level 5, -17/35 HPs)
             Began as a Vampire Venom Mage on Sept 27, 2013.
             Demolished by Edmund
             ... wielding a +2,+0 flail of holy wrath
              (20 damage)
             ... on Level 4 of the Dungeon.
             The game lasted 00:14:57 (3436 turns).

PolkaDot the Stinger (Vampire Venom Mage)           Turns: 3436, Time: 00:15:00

HP -17/35        AC  3     Str  7      XL: 5   Next: 48%
MP   3/11        EV 12     Int 18      God:
Gold 165         SH  0     Dex 14      Spells:  3 memorised,  2 levels left

Res.Fire  : . . .   See Invis. : +   f - +0,+1 short sword (speed)
Res.Cold  : . . .   Warding    : .   r - +1 robe {rN+}
Life Prot.: + . .   Conserve   : .   (no shield)
Res.Poison: .       Res.Corr.  : .   (no helmet)
Res.Elec. : .       Clarity    : .   (no cloak)
Sust.Abil.: . .     Spirit.Shd : .   (no gloves)
Res.Mut.  : .       Stasis     : .   (no boots)
Res.Rott. : .       Flight     : .   (no amulet)
Saprovore : . . .                    (no ring)
                                     (no ring)

@: regenerating quickly, slightly resistant to hostile enchantments, stealthy
A: fangs 3, see invisible, unbreathing
a: no special abilities


You were on level 4 of the Dungeon.
You were full.

You visited 1 branch of the dungeon, and saw 4 of its levels.

You collected 145 gold pieces.

Inventory:

Hand weapons
 f - a +0,+1 short sword of speed (weapon)
Armour
 r - a +1 robe of positive energy (worn)
Scrolls
 a - 4 scrolls of curse weapon {unknown}
 h - 2 scrolls of curse armour {unknown}
 j - a scroll of noise {unknown}
 m - a scroll of remove curse
 n - a scroll of magic mapping
 o - 2 scrolls of teleportation {unknown}
 p - a scroll of identify
 q - a scroll of enchant weapon I {unknown}
 t - a scroll of curse jewellery {unknown}
 u - a scroll of random uselessness {unknown}
Jewellery
 c - an uncursed ring of teleportation
Potions
 d - a potion of speed
 e - a potion of confusion {unknown}
 g - 5 potions of curing
 i - 2 potions of heal wounds {unknown}
 l - 2 potions of mutation {unknown}
 s - a potion of flight {unknown}
 v - a potion of restore abilities {unknown}
Books
 b - a Young Poisoner's Handbook

   Spells                             Type                      Level
   *Sting                             Conjuration/Poison           1
   *Cure Poison                       Poison                       2
   Mephitic Cloud                     Conjuration/Poison/Air       3
   *Olgreb's Toxic Radiance           Poison                       4
   Venom Bolt                         Conjuration/Poison           5
 k - a book of Dreams

   Spells                             Type                      Level
   Ensorcelled Hibernation            Hexes/Ice                    2
   Flight                             Charms/Air                   3
   Phase Shift                        Translocation                5
   Shadow Creatures                   Summoning                    5
   Mass Confusion                     Hexes                        6
   Darkness                           Hexes                        7


   Skills:
 - Level 2.1 Dodging
 - Level 3.0 Stealth
 + Level 2.6 Spellcasting
 * Level 5.6 Poison Magic


You had 2 spell levels left.
You knew the following spells:

 Your Spells              Type           Power        Failure   Level  Hunger
a - Sting                 Conj/Pois      ##..         8%          1    #......
q - Cure Poison           Pois           ###.......   2%          2    ##.....
z - Olgreb's Toxic Radia  Pois           ###.....     21%         4    #####..


Dungeon Overview and Level Annotations

Branches:
Dungeon (4/27)
 Temple: D:4-7

Altars:

Annotations:
D:3 Ijyb; darksquall's ghost, average DsFi
D:4 Edmund


Innate Abilities, Weirdness & Mutations

Your natural rate of healing is unusually fast.
You have razor-sharp teeth.*
You have supernaturally acute eyesight.
You can survive without breathing.*


Message History

Confirm with . or Enter, or press ? or * to list all spells.
Aiming: Sting
Press: ? - help, Shift-Dir - straight line, f/p - Edmund
Aim: Edmund, wielding a flail of holy wrath and wearing a ring mail (lightly wounded, poisoned)
The sting hits Edmund.
Edmund is lightly wounded.
Edmund hits you with a flail of holy wrath.
You convulse.
Casting: Sting
Confirm with . or Enter, or press ? or * to list all spells.
Aiming: Sting
Press: ? - help, Shift-Dir - straight line, f/p - Edmund
Aim: Edmund, wielding a flail of holy wrath and wearing a ring mail (lightly wounded, poisoned)
The sting hits Edmund.
Edmund is lightly wounded.
Edmund hits you with a flail of holy wrath!
* * * LOW HITPOINT WARNING * * *
You convulse!
Ouch! That really hurt!
You die...

#.......#
#.......#
#.......#
#.......#
#.......#
#.......#
#.......#
#..?....#
#...@.?.#
#...@...#
#.......#
#.......#
#.......#
........#
.........#
........#
...


You could see Edmund.

Vanquished Creatures
  Sigmund (D:3)
  Terence (D:3)
  3 adders
  An inept feature mimic (D:2)
  3 worms
  2 giant geckos
  An ooze (D:1)
  An orc (D:2)
  8 bats
  A giant cockroach (D:1)
  4 goblins
  10 hobgoblins
  6 kobolds
  5 giant newts
  7 jackals
  An orc skeleton (D:4)
  7 rats
62 creatures vanquished.

Notes
Turn   | Place    | Note
--------------------------------------------------------------
     0 | D:1      | PolkaDot, the Vampire Venom Mage, began the quest for the Orb.
     0 | D:1      | Reached XP level 1. HP: 13/13 MP: 4/4
   544 | D:1      | Reached XP level 2. HP: 19/19 MP: 2/5
   659 | D:1      | Reached skill level 4 in Poison Magic
  1316 | D:2      | Reached XP level 3. HP: 24/24 MP: 0/7
  2142 | D:2      | Reached XP level 4. HP: 27/30 MP: 5/9
  2300 | D:3      | Noticed Ijyb
  2327 | D:3      | Noticed darksquall's ghost (average DsFi)
  2500 | D:3      | Noticed Terence
  2511 | D:3      | Killed Terence
  2606 | D:3      | Reached skill level 5 in Poison Magic
  2871 | D:3      | Noticed Sigmund
  2879 | D:3      | Learned a level 2 spell: Cure Poison
  2884 | D:3      | Learned a level 4 spell: Olgreb's Toxic Radiance
  2909 | D:3      | Killed Sigmund
  2909 | D:3      | Reached XP level 5. HP: 15/35 MP: 0/11
  3426 | D:4      | Noticed Edmund
  3436 | D:4      | Demolished by Edmund

Action                   |  1- 3 |  4- 6 || total
-------------------------+-------+-------++-------
Melee: Whip              |    11 |       ||    11
       Short sword       |    26 |    39 ||    65
 Cast: Sting             |    94 |    62 ||   156
       Olgreb's Toxic Ra |       |     1 ||     1
       Cure Poison       |       |     1 ||     1
  Use: Scroll            |     5 |       ||     5
       Potion            |     1 |       ||     1
 Stab: Sleeping          |       |     4 ||     4
